 Dungeon Crawl Stone Soup version 0.29-a0-1019-g84f7d21838 (webtiles) character file.

Game seed: 931776602006998210

600709 drugrobin the Conqueror (level 25, -47/195 (257) HPs)
             Began as a Demigod Fighter on Aug 10, 2022.
             Annihilated by a caustic shrike simulacrum (50 damage)
             ... on level 2 of Cocytus on Aug 11, 2022.
             The game lasted 04:34:19 (67200 turns).

drugrobin the Conqueror (Demigod Fighter)          Turns: 67200, Time: 04:34:19

HP:   -47/195 (257) AC: 34    Str: 30      XL:     25   Next: 62%
MP:   0/44          EV: 11    Int: 27      God:
Gold: 3741          SH: 15    Dex:  8 (11) Spells: 45/48 levels left

rFire   . . .      SeeInvis .   a - +9 broad axe (vamp)
rCold   . . .      Faith    .   F - +3 kite shield {reflect}
rNeg    + . .      Spirit   +   H - +6 chain mail "Taklo" {Slay+3 Stlth+}
rPois   +          Reflect  +   m - +2 hat of Tiocsiesi {Contam rPois Slay+6}
rElec   +          Harm     .   p - +2 cloak of the Pink Corner {Drain rPois Str+5}
rCorr   +          Rampage  .   v - +3 pair of gauntlets of War {Slay+5}
Will    ++...                   d - +1 pair of boots of the Equator {rCorr}
Stlth   ..........              h - amulet of Sunlight {Spirit rN+ Regen+}
HPRegen 1.22/turn               C - +4 ring of slaying
MPRegen 0.29/turn               J - ring of Lutooqem {Fly rElec rCorr Int-3}

@: flying, heavily drained, unable to drink
A: high MP 1, forlorn, divine attributes, clumsy 1, inability to drink while
threatened 1, [weak 2]
}: 2/15 runes: serpentine, barnacled
a: no special abilities


You were on level 2 of Cocytus.
You visited 10 branches of the dungeon, and saw 44 of its levels.
You visited the Abyss 5 times.
You also visited: Trove, Sewer, Ice Cave, Volcano and Desolation.

You collected 6642 gold pieces.
You spent 2901 gold pieces at shops.

Inventory:

Hand Weapons
 a - a +9 vampiric broad axe (weapon)
 c - a +4 demon whip of venom
Missiles
 b - 3 throwing nets
 S - 16 curare-tipped darts
 Y - 14 silver javelins (quivered)
Armour
 d - the +1 pair of boots of the Equator (worn) {rCorr}
   (You found it in a treasure trove)

   rCorr:     It protects you from acid and corrosion.
 m - the +2 hat of Tiocsiesi (worn) {Contam rPois Slay+6}
   (You found it in a treasure trove)

   Slay:      It affects your accuracy & damage with ranged weapons and melee
   (+6).
   rPois:     It protects you from poison.
   Contam:    It causes magical contamination when unequipped.
 p - the +2 cloak of the Pink Corner (worn) {Drain rPois Str+5}
   (You found it in a treasure trove)

   Str:       It affects your strength (+5).
   rPois:     It protects you from poison.
   Drain:     It drains your maximum health when unequipped.
 v - the +3 pair of gauntlets of War (worn) {Slay+5}
   (You found it in a treasure trove)

   Slay:      It affects your accuracy & damage with ranged weapons and melee
   (+5).
 F - a +3 kite shield of reflection (worn)
 H - the +6 chain mail "Taklo" (worn) {Slay+3 Stlth+}
   (You took it off a deep elf high priest on level 2 of the Depths)

   Slay:      It affects your accuracy & damage with ranged weapons and melee
   (+3).
   Stlth:     It makes you more stealthy.
Jewellery
 h - the amulet of Sunlight (around neck) {Spirit rN+ Regen+}
   (You acquired it on level 2 of the Lair of Beasts)

   [amulet of guardian spirit]

   It causes incoming damage to be divided between your reserves of health and
   magic.
   rN:        It protects you from negative energy.
   Regen:     It increases your rate of health regeneration.
 x - a ring of see invisible
 y - the ring "Vojoqaj" {rElec Will+ rCorr Stlth+}
   (You found it on level 4 of the Depths)

   [ring of resist corrosion]

   rElec:     It insulates you from electricity.
   rCorr:     It protects you from acid and corrosion.
   Will:      It increases your willpower.
   Stlth:     It makes you more stealthy.
 C - a +4 ring of slaying (left hand)
 J - the ring of Lutooqem (right hand) {Fly rElec rCorr Int-3}
   (You took it off an orc wizard on level 7 of the Dungeon)

   [ring of flight]

   Int:       It affects your intelligence (-3).
   rElec:     It insulates you from electricity.
   Fly:       It grants you flight.
   rCorr:     It protects you from acid and corrosion.
 N - the ring of Waun Qov {+Blink rC+ rN+ Str-2}
   (You found it on level 4 of the Vaults)

   [ring of positive energy]

   Str:       It affects your strength (-2).
   rC:        It protects you from cold.
   rN:        It protects you from negative energy.
   +Blink:    It lets you blink.
 X - the ring "Utson" {Fire Str+4 Int+4}
   (You took it off a deep elf blademaster on level 3 of the Elven Halls)

   [ring of fire]

   It enhances your fire magic.
   Str:       It affects your strength (+4).
   Int:       It affects your intelligence (+4).
   rF:        It protects you from fire.
   rC:        It makes you vulnerable to cold.
 Z - the ring "Luzih" {Will+ Str+2 Dex+3 Stlth-}
   (You took it off a deep elf high priest on level 2 of the Depths)

   [ring of willpower]

   Str:       It affects your strength (+2).
   Dex:       It affects your dexterity (+3).
   Will:      It increases your willpower.
   Stlth:     It makes you less stealthy.
Wands
 f - a wand of iceblast (58)
 o - a wand of flame (39)
 L - a wand of mindburst (14)
 Q - a wand of acid (34)
 T - a wand of polymorph (9)
 W - a wand of digging (2)
Scrolls
 e - 3 scrolls of butterflies
 g - 17 scrolls of teleportation
 i - 7 scrolls of fear
 l - 9 scrolls of blinking
 n - 4 scrolls of immolation
 u - 5 scrolls of magic mapping
 B - 5 scrolls of poison
 D - 2 scrolls of silence
Potions
 j - 5 potions of resistance
 q - 26 potions of curing
 s - 13 potions of attraction
 z - 5 potions of ambrosia
 A - 6 potions of might
 G - 5 potions of cancellation
 I - 7 potions of haste
 P - 11 potions of lignification
 R - 4 potions of invisibility
 U - 5 potions of berserk rage
 V - 9 potions of heal wounds
Miscellaneous
 k - the horn of Geryon
 r - a lightning rod (4/4)
 t - a tin of tremorstones (1/2)
 w - a phantom mirror
 K - a box of beasts
 M - a condenser vane
 O - a phial of floods


   Skills:
 O Level 27 Fighting
 - Level 21.7 Axes
 + Level 18.7 Armour
 + Level 11.0 Dodging
 - Level 15.0 Shields
 - Level 12.0 Spellcasting
 - Level 10.0 Evocations


You had 45 spell levels left.
You knew the following spells:

 Your Spells              Type           Power      Damage    Failure   Level
a - Wereblood             Tmut           16%        N/A       26%         2
b - Apportation           Tloc           32%        N/A       17%         1

Your spell library contained the following spells:

 Spells                   Type           Power      Damage    Failure   Level
 Beastly Appendage        Tmut           32%        N/A       17%         1
 Necrotise                Necr           64%        1d7       17%         1
 Sandblast                Erth           32%        2d9       17%         1
 Shock                    Conj/Air       64%        1d7       17%         1
 Sting                    Tmut/Pois      64%        1d6       17%         1
 Summon Small Mammal      Summ           64%        N/A       17%         1
 Ensorcelled Hibernation  Hex/Ice        32%        N/A       26%         2
 Passwall                 Tmut/Erth      13%        N/A       26%         2
 Poisonous Vapours        Pois/Air       32%        N/A       26%         2
 Scorch                   Fire           32%        2d6       26%         2
 Static Discharge         Conj/Air       16%        3-5/arc   26%         2
 Sublimation of Blood     Necr           16%        N/A       26%         2
 Call Canine Familiar     Summ           16%        N/A       45%         3
 Conjure Flame            Conj/Fire      16%        6-21      45%         3
 Frozen Ramparts          Ice            32%        1d5       45%         3
 Gell's Gravitas          Tloc           16%        N/A       45%         3
 Ignite Poison            Fire/Tmut/Pois 16%        N/A       45%         3
 Inner Flame              Hex/Fire       16%        N/A       45%         3
 Mephitic Cloud           Conj/Pois/Air  16%        N/A       45%         3
 Ozocubu's Armour         Ice            16%        N/A       45%         3
 Portal Projectile        Hex/Tloc       32%        N/A       45%         3
 Spider Form              Tmut/Pois      16%        N/A       45%         3
 Stone Arrow              Conj/Erth      32%        3d9       45%         3
 Summon Guardian Golem    Hex/Summ       16%        N/A       45%         3
 Swiftness                Air            16%        N/A       45%         3
 Teleport Other           Tloc           16%        N/A       45%         3
 Tukima's Dance           Hex            16%        N/A       45%         3
 Vampiric Draining        Necr           16%        2d7       45%         3
 Airstrike                Air            8%         2d(2-18)  86%         4
 Animate Armour           Summ/Erth      32%        N/A       86%         4
 Animate Dead             Necr           16%        N/A       86%         4
 Cause Fear               Hex            8%         N/A       86%         4
 Corpse Rot               Necr/Pois/Air  16%        N/A       86%         4
 Flame Wave               Conj/Fire      16%        2d7       86%         4
 Ice Form                 Ice/Tmut       16%        N/A       86%         4
 Leda's Liquefaction      Hex/Erth       8%         N/A       86%         4
 Olgreb's Toxic Radiance  Pois           16%        N/A       86%         4
 Petrify                  Tmut/Erth      16%        N/A       86%         4
 Sticky Flame             Conj/Fire      16%        2d4       86%         4
 Summon Ice Beast         Ice/Summ       16%        N/A       86%         4
 Summon Lightning Spire   Summ/Air       16%        N/A       86%         4
 Agony                    Necr           16%        N/A       99%         5
 Alistair's Intoxication  Tmut/Pois      10%        N/A       99%         5
 Blade Hands              Tmut           8%         N/A       99%         5
 Borgnjor's Vile Clutch   Necr/Erth      8%         N/A       99%         5
 Fireball                 Conj/Fire      8%         3d6       99%         5
 Freezing Cloud           Conj/Ice/Air   8%         6-21      99%         5
 Iskenderun's Battlesphe  Conj           16%        2d7       99%         5
 Lightning Bolt           Conj/Air       8%         1d20      99%         5
 Manifold Assault         Tloc           16%        N/A       99%         5
 Metabolic Englaciation   Hex/Ice        8%         N/A       99%         5
 Summon Forest            Summ/Tloc      8%         N/A       99%         5
 Summon Mana Viper        Hex/Summ       16%        N/A       99%         5
 Death Channel            Necr           8%         N/A       100%        6
 Dispersal                Tloc           8%         N/A       100%        6
 Eringya's Noxious Bog    Tmut/Pois      8%         N/A       100%        6
 Iron Shot                Conj/Erth      8%         9d3       100%        6
 Simulacrum               Ice/Necr       8%         N/A       100%        6
 Starburst                Conj/Fire      8%         6d4       100%        6
 Statue Form              Tmut/Erth      10%        N/A       100%        6
 Summon Cactus Giant      Summ           8%         N/A       100%        6
 Dragon Form              Tmut           8%         N/A       100%        7
 Monstrous Menagerie      Summ           8%         N/A       100%        7
 Orb of Destruction       Conj           8%         9d6       100%        7
 Spellforged Servitor     Conj/Summ      8%         N/A       100%        7
 Storm Form               Tmut/Air       8%         N/A       100%        7
 Summon Hydra             Summ           8%         N/A       100%        7
 Disjunction              Tloc           8%         N/A       100%        8
 Ignition                 Fire           8%         3d5       100%        8
 Lehudib's Crystal Spear  Conj/Erth      8%         10d3      100%        8
 Maxwell's Capacitive Co  Air            8%         ∞         100%        8
 Dragon's Call            Summ           8%         N/A       100%        9
 Polar Vortex             Ice            8%         N/A       100%        9


Dungeon Overview and Level Annotations

Branches:
Dungeon (15/15)            Temple (0/1) D:4            Lair (5/5) D:9
 Shoals (4/4) Lair:2        Snake (4/4) Lair:2        Slime (0/5) Lair:5
    Orc (2/2) D:12            Elf (3/3) Orc:2        Vaults (4/5) D:14
  Crypt (0/3) Vaults:3     Depths (4/4) D:15           Hell (visited)
    Dis (0/7) Hell            Geh (0/7) Hell            Coc (2/7) Hell
  Sewer (visited)           IceCv (visited)         Volcano (visited)
Desolation (visited)
    Tar: Hell:1         Zot: Depths:4

Shops:
D:2 *   D:3 **(*   D:8 !   Orc:2 [(!!   Elf:1 :(   Shoals:3 *   Snake:1 *[!
Snake:2 =(((   Vaults:3 *   Depths:3 *

Portals:
Hell: Depths:1 Depths:2 Depths:3
Abyss: Depths:1 Depths:3
Pandemonium: Depths:2
Ziggurat: Depths:1

Annotations:
Snake:3 3 runed translucent doors, Saojabem's ghost, adept MiBe
Elf:3 1 runed translucent door, frimble's ghost, adept DsEE


Innate Abilities, Weirdness & Mutations

You have an increased reservoir of magic. (+10% MP)
You shall have no god before yourself.
Your divine heritage dramatically boosts your attributes as you level up.
You are clumsy. (Dex -2)
You occasionally lose the ability to drink potions when taking damage.
[You are very weak. (Str -4)]


Message History

The nargun bites you but does no damage.
The seven-headed hydra simulacrum bites you.
* * * LOW HITPOINT WARNING * * *
The seven-headed hydra simulacrum freezes you!!
* * * LOW HITPOINT WARNING * * *
The seven-headed hydra simulacrum bites you but does no damage. x6
You turn to flesh and can move again.
Unknown command.
Unknown command.
Unknown command.
Unknown command.
Unknown command.
Unknown command.
Unknown command.
You cannot read scrolls while unable to breathe!
Unknown command.
Unknown command.
Unknown command.
Unknown command.
Unknown command.
Unknown command.
Unknown command.
Unknown command.
Unknown command.
Unknown command.
Unknown command.
Unknown command.
Unknown command.
Unknown command.
Unknown command.
Unknown command.
You slip free of the water engulfing you.
The water elemental attacks as you move away!
You block the water elemental's attack.
You gasp with relief as air once again reaches your lungs.
The caustic shrike simulacrum claws you!
* * * LOW HITPOINT WARNING * * *
The caustic shrike simulacrum freezes you!!!
You feel threatened and lose the ability to drink potions!
You die...

≈~~≈≈≈≈.~~##
≈≈~~≈≈..~≈≈#
≈≈≈~≈...≈≈≈#
≈≈≈~~...~≈≈#
≈≈≈≈~~~~~~≈#
≈≈~~~~~E.~~#
~~~.~~~9~~~#
~~≈.~.~Z~ZE#
≈≈≈...E~E@≈#
≈≈≈......≈≈#
.≈≈≈~....≈≈#
....≈≈≈.≈≈##
##...9≈≈≈≈#
####...≈≈≈
##..≈≈≈
##..≈#


You could see an elemental wellspring, 2 narguns, 3 water elementals, a
seven-headed hydra simulacrum and a caustic shrike simulacrum.

Vanquished Creatures
  3 dread liches
  An ancient lich (Depths:2)
  A juggernaut (Depths:2)
  Bai Suzhen (Shoals:4)
  Vashnia (Snake:3)
  Geryon (Hell)
  3 caustic shrikes (Depths:2)
  A profane servitor (Depths:1)
  2 bone dragons
  Nikola (Elf:3)
  A hellephant (Hell)
  5 liches
  Rupert (D:13)
  2 Ice Fiends (IceCv)
  Mlioglotl (Snake:1)
  3 tentacled monstrosities (Depths:2)
  2 deep elf master archers (Elf:3)
  A titan (Shoals:4)
  6 deep elf blademasters
  Asterion (Snake:3)
  The ghost of Emey the Earth Mage, an adept SpVM of Vehumet (Vaults:3)
  A quicksilver dragon (Abyss:2)
  Polyphemus (Shoals:2)
  Murray (Depths:2)
  An Executioner (Abyss:2)
  2 ancient champions
  9 tentacled starspawn
  8 sphinxes
  A shadow dragon (Depths:2)
  Donald (Lair:2)
  5 tengu reavers
  2 storm dragons
  A revenant (Abyss:2)
  Ilsuiw (Shoals:2)
  7 nagarajas (Snake:4)
  6 fire giants
  A daeva (Abyss:2)
  3 imperial myrmidons (Desolation)
  A nargun (Coc:1)
  Aizul (Snake:1)
  5 frost giants
  2 iron dragons (Hell)
  A ghost moth (Abyss:2)
  9 deep elf sorcerers
  12 vault wardens
  2 orc warlords
  4 balrugs
  10 deep elf elementalists
  A spriggan defender (Depths:3)
  Louise (Snake:3)
  A draconian shifter (Abyss:2)
  12 ironbound preservers
  3 cacodemons
  A broodmother (shapeshifter) (Depths:1)
  14 stone giants
  26 very ugly things
  4 war gargoyles
  6 reapers
  13 ironbound thunderhulks
  A juggernaut skeleton (Depths:1)
  2 deep elf demonologists
  2 halazid warlocks (Desolation)
  A purple draconian (Abyss:2)
  Nessos (D:13)
  3 vampire knights
  14 deep elf annihilators
  A yellow draconian (Abyss:2)
  3 entropy weavers
  A dire elephant (Vaults:2)
  A wendigo (Hell)
  16 spark wasps
  An eidolon (Abyss:2)
  10 merfolk javelineers
  6 deep elf death magi
  4 ettins
  A pearl dragon zombie (Depths:1)
  5 crystal guardians
  5 blizzard demons
  A green death (Abyss:2)
  A jiangshi (Depths:1)
  4 fire dragons
  Josephine (Orc:1)
  9 merfolk impalers
  6 deep elf high priests
  9 yaktaur captains
  2 rakshasas (Abyss:2)
  5 ragged hierophants (Desolation)
  4 servants of whispers (Desolation)
  10 peacekeepers
  10 hydras
  14 great orbs of eyes
  6 ice dragons
  3 hell beasts
  3 salamander tyrants
  4 spriggan air magi
  7 boulder beetles
  8 centaur warriors
  A juggernaut simulacrum (Coc:2)
  6 anacondas
  7 death knights
  A caustic shrike simulacrum (IceCv)
  A satyr (shapeshifter) (Vaults:3)
  A catoblepas (Shoals:2)
  15 vault guards
  7 merfolk avatars
  7 ogre magi
  12 ironbound frosthearts
  A satyr (Shoals:4)
  27 dancing weapons
  10 naga warriors
  22 two-headed ogres
  2 alligator snapping turtles
  A spriggan skeleton (Abyss:1)
  10 tengu warriors
  5 merfolk aquamancers (Shoals:4)
  2 vampire magi
  4 deep troll shamans
  8 death yaks
  4 spriggan berserkers
  7 hell hogs
  3 deep troll earth magi
  14 hell knights
  9 thrashing horrors
  A titan zombie (Vaults:4)
  Urug (Orc:1)
  5 soul eaters
  4 shock serpents
  Sonja (D:11)
  22 deep elf knights
  16 sun demons
  19 wretched stars
  8 naga sharpshooters
  3 iron trolls
  4 sixfirhies
  A spark wasp zombie (Depths:2)
  6 salamander mystics
  A shadow wraith (Hell)
  8 skeletal warriors
  A death drake (Abyss:2)
  A swamp dragon (shapeshifter) (Depths:2)
  A spatial maelstrom (Abyss:2)
  2 quicksilver dragon simulacra
  20 sea snakes
  4 obsidian statues
  A flayed ghost (Hell)
  3 spriggan simulacra
  2 bog bodies (IceCv)
  31 deep trolls
  35 starcursed masses
  A swamp dragon (Lair:5)
  19 ironbound convokers
  17 harpies
  Pikel (D:8)
  10 naga ritualists
  2 phantasmal warriors
  36 lindwurms
  13 necromancers
  8 wizards
  5 glowing orange brains
  An anaconda skeleton (Hell)
  A tengu zombie (Vaults:2)
  A sphinx zombie (Vaults:2)
  17 mana vipers
  A fenstrider witch simulacrum (Coc:1)
  40 ugly things
  An iron dragon zombie (Depths:1)
  13 deep elf archers
  An orc sorcerer (Orc:2)
  30 deep elf pyromancers
  18 deep elf zephyrmancers
  12 orc knights
  2 tengu skeletons
  A wolf spider (Lair:5)
  6 worldbinders
  11 fauns
  15 manticores
  A shining eye (Abyss:2)
  13 salamanders
  3 cyclopes
  4 apis skeletons (Depths:1)
  20 elephants
  17 naga magi
  Maurice (D:8)
  8 merfolk sirens
  9 water nymphs
  4 guardian serpents
  Joseph (D:8)
  18 vault sentinels
  3 titan simulacra
  14 smoke demons
  An ice statue (Hell)
  5 orange demons
  4 molten gargoyles
  43 black mambas
  8 rust devils
  A gargoyle (D:14)
  28 large abominations
  16 cane toads
  A torpor snail (Lair:2)
  A centaur skeleton (Abyss:2)
  3 rime drakes (Lair:5)
  23 yaktaurs
  A hellion (Abyss:1)
  Maggie (D:7)
  3 hellwings (Abyss:2)
  An ice devil (IceCv)
  6 komodo dragons
  A bunyip simulacrum (Coc:2)
  9 kobold demonologists
  4 tormentors
  2 guardian mummies (Elf:1)
  10 ancient zymes
  A harpy zombie (Abyss:2)
  An efreet (D:15)
  3 anaconda simulacra
  8 tengu conjurers
  8 freezing wraiths
  A red devil (Hell)
  A sea snake skeleton (Hell)
  8 wind drakes
  2 golden dragon simulacra (IceCv)
  A hydra zombie (Hell)
  5 trolls
  6 hornets
  4 polar bears
  3 meliai (D:14)
  50 saltlings (Desolation)
  33 merfolk
  3 shadow dragon simulacra
  A wind drake (shapeshifter) (Vaults:4)
  A tarantella (shapeshifter) (Depths:3)
  11 snapping turtles
  4 hydra skeletons
  46 slime creatures
  A stone giant simulacrum (Coc:1)
  5 raiju
  4 dream sheep (Lair:2)
  2 alligator zombies (Hell)
  9 blink frogs
  4 flying skulls (Abyss:2)
  A shadow (D:7)
  An iron dragon simulacrum (Depths:1)
  2 centaur simulacra
  17 wyverns
  3 vampires
  12 air elementals
  63 yaks
  2 spriggans (Depths:1)
  2 fire elementals (Elf:1)
  23 water elementals
  11 wraiths
  A hog (shapeshifter) (D:14)
  7 fire bats
  4 ynoxinuls
  5 basilisks
  A steam dragon (D:9)
  A yaktaur simulacrum (Vaults:4)
  2 chaos spawn (Abyss:2)
  8 neqoxecs
  3 redbacks (Lair:5)
  7 wargs
  5 spatial vortices (Abyss:2)
  52 nagas
  3 harpy simulacra
  A naga zombie (Abyss:2)
  6 acid dragons
  2 minotaur simulacra (IceCv)
  15 water moccasins
  A glowing shapeshifter skeleton (Vaults:2)
  4 hydra simulacra (IceCv)
  A floating eye (Depths:3)
  3 hell hounds
  25 orc warriors
  5 sky beasts
  A swamp drake (Lair:5)
  An ice beast (Abyss:1)
  3 ettin simulacra (IceCv)
  A black bear (D:6)
  An alligator simulacrum (IceCv)
  39 ogres
  3 wolves (D:9)
  10 centaurs
  5 boggarts (Vaults:4)
  2 lemures (D:8)
  13 bullfrogs
  2 necrophages
  13 kobold brigands
  A scorpion (D:7)
  An earth elemental (Elf:1)
  3 gnoll sergeants
  8 wights
  A human simulacrum (Vaults:4)
  17 killer bees
  29 small abominations
  The ghost of flotson the Sneak, a weakling DsDe (D:5)
  19 electric eels
  8 howler monkeys
  2 crimson imps
  11 lava snakes
  5 quasits
  11 hounds
  5 iron imps
  4 jellies
  16 orc priests
  4 gnoll boudas
  Jessica (D:3)
  10 iguanas
  43 orc wizards
  6 hell rats (Lair:5)
  A boggart simulacrum (D:14)
  A hound skeleton (D:6)
  Robin (D:2)
  8 adders
  21 gnolls
  2 shadow imps
  4 white imps
  6 ufetubi
  A worm (D:2)
  A dart slug (D:3)
  75 orcs
  5 endoplasms
  10 giant cockroaches
  17 goblins
  6 hobgoblins
  3 quokkas
  A ball python (D:4)
  6 bats
  2 frilled lizards
  57 kobolds
  5 rats
  A creeping inferno (Hell)
  7 fire vortices (Hell)
  3 lurking horrors (Abyss:2)
  13 starspawn tentacles
2445 creatures vanquished.

Vanquished Creatures (collateral kills)
  A reaper (Depths:1)
  Erolcha (Orc:1)
  A dancing weapon (Elf:2)
  A deep elf pyromancer (Elf:1)
  A deep elf zephyrmancer (Elf:2)
  A black mamba (Snake:1)
  An ice statue (Hell)
  A hydra simulacrum (Hell)
  An orc warrior (Orc:1)
  An orc priest (Orc:1)
  2 orcs (Orc:1)
12 creatures vanquished.

Vanquished Creatures (others)
  A juggernaut simulacrum (Coc:2)
  A deep elf knight (Elf:1)
  A wizard (Vaults:1)
  A deep elf zephyrmancer (Elf:2)
  A mana viper (Snake:2)
  A merfolk siren (Shoals:2)
  A sea snake zombie (Hell)
  A bunyip simulacrum (Coc:2)
  2 water elementals (Shoals:4)
  A naga (Snake:3)
  A hydra simulacrum (Hell)
  An orc priest (Orc:2)
  An orc wizard (D:10)
  A bush (Lair:5)
  A creeping inferno (Hell)
  A fire vortex (Hell)
  30 fungi
  2 lurking horrors
  2 pillars of salt (Desolation)
  145 plants
  16 starspawn tentacles
  3 withered plants (Desolation)
215 creatures vanquished.

Grand Total: 2672 creatures vanquished

Notes
Turn   | Place    | Note
-------+----------+-------------------------------------------
     0 | D:1      | drugrobin the Demigod Fighter began the quest for the Orb.
     0 | D:1      | Reached XP level 1. HP: 18/18 MP: 3/3
   967 | D:2      | Reached XP level 2. HP: 25/25 MP: 4/4
  1150 | D:2      | Found Ikhlotz's General Store.
  1173 | D:2      | Bought a potion of curing for 39 gold pieces
  1228 | D:2      | Reached XP level 3. HP: 30/30 MP: 5/5
  1340 | D:2      | Noticed Robin
  1635 | D:2      | Killed Robin
  1822 | D:2      | Reached XP level 4. HP: 31/37 MP: 6/6
  2093 | D:3      | Found Maiqeev's Assorted Antiques.
  2097 | D:3      | Bought a scroll labelled GAEWKASSOD for 26 gold pieces
  2097 | D:3      | Bought a scroll labelled CUIFOF VIMUHYT for 26 gold pieces
  2103 | D:3      | Found Naty's Weapon Boutique.
  2114 | D:3      | Found Fite's Assorted Antiques.
  2193 | D:3      | Found a glowing drain.
  2230 | Sewer    | Entered a sewer
  2266 | Sewer    | Noticed a water moccasin
  2275 | Sewer    | Killed a water moccasin
  2276 | Sewer    | Reached skill level 5 in Axes
  2276 | Sewer    | Reached XP level 5. HP: 8/42 MP: 7/7
  2765 | D:3      | Found Apnouckogri's General Store.
  2766 | D:3      | Noticed Jessica
  2773 | D:3      | Killed Jessica
  3252 | D:4      | Reached XP level 6. HP: 29/50 MP: 8/8
  3391 | D:4      | Found a staircase to the Ecumenical Temple.
  4224 | D:4      | Reached XP level 7. HP: 56/56 MP: 9/9
  4525 | D:5      | Entered Level 5 of the Dungeon
  4637 | D:5      | Identified the +3 scale mail of Qidghaess {+Blink}
  4698 | D:5      | Noticed flotson's ghost (weakling DsDe)
  4708 | D:5      | Found a runed translucent gate.
  4708 | D:5      | Found a runed translucent gate.
  4708 | D:5      | Found a runed translucent gate.
  4861 | D:5      | Reached skill level 1 in Evocations
  5344 | D:5      | Killed flotson's ghost
  5491 | D:3      | Bought a +1 war axe of flaming for 186 gold pieces
  5840 | D:6      | Reached XP level 8. HP: 62/62 MP: 10/10
  6774 | D:7      | Noticed Maggie
  6787 | D:7      | Killed Maggie
  7084 | D:7      | Reached skill level 10 in Axes
  7105 | D:7      | Identified the ring of Lutooqem {Fly rElec rCorr Int-3}
  7108 | D:7      | Identified the +2 hand axe "Xulool" {vamp, rN+ Will+}
  7108 | D:7      | Noticed a slime creature
  7113 | D:7      | Noticed a slime creature
  7116 | D:7      | Noticed a cyan ugly thing
  7128 | D:7      | Killed a slime creature
  7130 | D:7      | Reached XP level 9. HP: 32/68 MP: 11/11
  7207 | D:6      | Reached skill level 5 in Evocations
  7280 | D:6      | Killed a cyan ugly thing
  8047 | D:7      | Reached XP level 10. HP: 74/74 MP: 13/13
  8416 | D:7      | Got Sif Muna's Spellbook of Beckoning
  8530 | D:8      | Noticed Pikel
  8550 | D:8      | Killed Pikel
  8614 | D:8      | Found Cucluzim's Distillery.
  8656 | D:8      | Bought a potion of degeneration for 12 gold pieces
  8656 | D:8      | Bought a potion of invisibility for 96 gold pieces
  8656 | D:8      | Bought a potion of magic for 96 gold pieces
  8738 | D:8      | Noticed Joseph
  8751 | D:8      | Killed Joseph
  8897 | D:8      | Noticed Maurice
  8912 | D:8      | Killed Maurice
  9162 | D:8      | Reached skill level 3 in Fighting
  9604 | D:9      | Found a staircase to the Lair.
  9697 | D:9      | Reached XP level 11. HP: 77/82 MP: 14/14
  9735 | D:9      | You are sucked into a shaft and drop 2 floors!
  9786 | D:11     | Noticed Sonja
  9809 | D:11     | Killed Sonja
  9842 | D:11     | Reached skill level 4 in Fighting
 10058 | D:10     | Entered Level 10 of the Dungeon
 10619 | D:11     | Noticed a two-headed ogre
 10635 | D:11     | Killed a two-headed ogre
 10700 | D:11     | Noticed a two-headed ogre
 10713 | D:11     | Killed a two-headed ogre
 10727 | D:11     | Found the +18 Lear's hauberk
 11497 | D:10     | Reached skill level 5 in Fighting
 11504 | D:10     | Reached skill level 5 in Armour
 12119 | Lair:1   | Entered Level 1 of the Lair of Beasts
 12297 | D:3      | Bought a brown potion for 16 gold pieces
 12297 | D:3      | Bought a scroll of identify for 36 gold pieces
 12297 | D:3      | Bought a scroll labelled XIUHOMYNLE for 18 gold pieces
 12312 | D:3      | Bought a scroll labelled LYARUG LIPYMYHAO for 26 gold
                  | pieces
 12312 | D:3      | Bought an embroidered cloak for 195 gold pieces
 12369 | D:3      | Bought a scroll of immolation for 48 gold pieces
 12691 | Lair:1   | Noticed a seven-headed hydra
 12707 | Lair:1   | Killed a two-headed hydra
 12708 | Lair:1   | Reached XP level 12. HP: 95/95 MP: 15/15
 12726 | Lair:1   | Reached skill level 15 in Axes
 12914 | Lair:1   | Reached skill level 6 in Fighting
 13672 | D:12     | Noticed a boulder beetle
 13849 | D:11     | Killed a boulder beetle
 14212 | D:12     | Identified the +7 spear "Wafofega" {pain, rPois MP+9}
 14404 | D:12     | Found a staircase to the Orcish Mines.
 14430 | Orc:1    | Entered Level 1 of the Orcish Mines
 14591 | Orc:1    | Found a dark tunnel.
 14624 | Volcano  | Entered a volcano
 14844 | Volcano  | Reached skill level 10 in Evocations
 14949 | Volcano  | Reached skill level 7 in Fighting
 15125 | Volcano  | Identified a scroll of acquirement
 15167 | Volcano  | Acquired a +6 vorpal executioner's axe
 15582 | Orc:1    | Noticed a two-headed ogre
 15593 | Orc:1    | Killed a two-headed ogre
 15594 | Orc:1    | Reached skill level 1 in Spellcasting
 15629 | Orc:1    | Noticed Josephine
 15639 | Orc:1    | Killed Josephine
 15881 | Orc:1    | Reached XP level 13. HP: 87/107 MP: 17/19
 15919 | Orc:1    | Noticed Erolcha
 15938 | Orc:1    | Killed Erolcha
 15945 | Orc:1    | Noticed Urug
 15956 | Orc:1    | Killed Urug
 16257 | Orc:2    | Entered Level 2 of the Orcish Mines
 16361 | Orc:2    | Found a staircase to the Elven Halls.
 16382 | Orc:2    | Reached skill level 8 in Fighting
 17146 | Orc:2    | Noticed an orc warlord
 17149 | Orc:2    | Reached skill level 9 in Fighting
 17285 | Orc:1    | Killed an orc warlord
 17436 | Orc:2    | Found Toagrioc's Distillery.
 17436 | Orc:2    | Found Syakef's Distillery.
 17437 | Orc:2    | Found Votzecoc's Weapon Boutique.
 17437 | Orc:2    | Found Zin Cyof's Armour Shoppe.
 17444 | Orc:2    | Bought a potion of attraction for 48 gold pieces
 17444 | Orc:2    | Bought a potion of mutation for 128 gold pieces
 17447 | Orc:2    | Bought a potion of haste for 100 gold pieces
 17447 | Orc:2    | Bought a potion of heal wounds for 50 gold pieces
 17447 | Orc:2    | Bought a potion of flight for 30 gold pieces
 17451 | Orc:2    | Bought a +0 broad axe for 72 gold pieces
 17840 | Lair:2   | Found a staircase to the Shoals.
 18029 | Lair:2   | Acquired the amulet of Sunlight {Spirit rN+ Regen+}
 18338 | Lair:2   | Reached XP level 14. HP: 118/118 MP: 25/25
 18351 | Lair:2   | Got the Papyrus of Assembling and Minerals
 18355 | Lair:2   | Learned a level 2 spell: Wereblood
 18496 | Lair:2   | Found a staircase to the Snake Pit.
 18711 | Lair:2   | Reached skill level 5 in Spellcasting
 19490 | Lair:3   | Acquired a manual of Shields
 20458 | Lair:4   | Reached skill level 10 in Fighting
 20800 | Lair:5   | Entered Level 5 of the Lair of Beasts
 21992 | Lair:5   | Found a staircase to the Slime Pits.
 22146 | Lair:5   | Reached XP level 15. HP: 119/128 MP: 26/30
 22235 | Lair:5   | Reached skill level 11 in Fighting
 22328 | Lair:5   | Acquired a manual of Fighting
 22650 | Snake:1  | Entered Level 1 of the Snake Pit
 22857 | Snake:1  | Found Enoif's Mayhem Merchandise.
 22932 | Snake:1  | Found Pituaf's Distillery.
 22933 | Snake:1  | Found Peonuj's Antique Armour Boutique.
 22971 | Snake:1  | Bought a potion of berserk rage for 60 gold pieces
 22971 | Snake:1  | Bought a potion of curing for 36 gold pieces
 22971 | Snake:1  | Bought a potion of berserk rage for 60 gold pieces
 22971 | Snake:1  | Bought a potion of curing for 36 gold pieces
 22971 | Snake:1  | Bought a potion of curing for 36 gold pieces
 23001 | Snake:1  | Bought a +3 broad axe for 273 gold pieces
 23207 | Elf:1    | Entered Level 1 of the Elven Halls
 23613 | Elf:1    | Identified the +3 ring mail of the Equator {rF+ Will-
                  | Dex+4}
 23728 | Elf:1    | Found Pehodabu's Weapon Boutique.
 23740 | Elf:1    | Reached skill level 12 in Fighting
 23747 | Elf:1    | Found Nal Pual's Book Shop.
 23853 | Elf:1    | Got the Spellbook of Conjury
 24180 | Elf:1    | Found a portal to a secret trove of treasure.
 24777 | Elf:2    | Reached skill level 10 in Armour
 24902 | Elf:2    | Reached skill level 13 in Fighting
 25202 | Elf:2    | Reached skill level 14 in Fighting
 25228 | Elf:2    | Paralysed by an air elemental for 1 turns
 25422 | Elf:2    | Found a runed translucent gate.
 25423 | Elf:2    | Found a runed translucent gate.
 25423 | Elf:2    | Found a runed translucent gate.
 25481 | Elf:2    | Noticed a deep elf blademaster
 25510 | Elf:2    | Killed a deep elf blademaster
 25593 | Elf:2    | Reached skill level 15 in Fighting
 25956 | Elf:2    | Reached skill level 16 in Fighting
 26956 | Elf:1    | Bought a manual of Axes for 1120 gold pieces
 26997 | Elf:3    | Entered Level 3 of the Elven Halls
 27007 | Elf:3    | Reached XP level 16. HP: 149/152 MP: 29/32
 27343 | Elf:3    | Noticed frimble's ghost (adept DsEE)
 27855 | Elf:3    | Found a runed translucent door.
 28052 | Elf:3    | Noticed Nikola
 28111 | Elf:3    | Killed Nikola
 28112 | Elf:3    | Reached skill level 5 in Shields
 28189 | Elf:3    | Noticed a deep elf blademaster
 28213 | Elf:3    | Killed a deep elf blademaster
 28270 | Elf:3    | Noticed a deep elf master archer
 28294 | Elf:3    | Reached skill level 17 in Fighting
 28436 | Elf:3    | Noticed an Executioner
 28557 | Elf:3    | Identified the +6 leather armour of Follow the Leader
                  | {rCorr}
 28557 | Elf:3    | Identified the ring "Tirioz" {Ice rPois Int+3 Stlth+}
 28710 | Elf:3    | Identified the ring "Utson" {Fire Str+4 Int+4}
 28710 | Elf:3    | Noticed a deep elf blademaster
 28730 | Elf:3    | Killed a deep elf blademaster
 28763 | Elf:3    | Noticed a deep elf blademaster
 28781 | Elf:3    | Killed a deep elf blademaster
 28895 | Elf:3    | Noticed a deep elf master archer
 28934 | Elf:3    | Killed a deep elf master archer
 29198 | Elf:3    | Identified the +1 falchion of Otruxkoa {vorpal, Will+ Str+3
                  | Int+4}
 29259 | Elf:3    | Killed a deep elf master archer
 29267 | Elf:3    | Identified the ring "Fyzin" {rN+ Str+3}
 29308 | Elf:3    | Noticed a deep elf blademaster
 29321 | Elf:3    | Killed a deep elf blademaster
 29545 | Elf:3    | Reached XP level 17. HP: 163/163 MP: 30/33
 29757 | Elf:3    | Learned a level 1 spell: Apportation
 29816 | Elf:3    | Got the Precepts of the Glacier and Bolts
 30795 | Snake:1  | Noticed Mlioglotl
 30805 | Snake:1  | Killed Mlioglotl
 30890 | Snake:1  | Noticed Aizul
 31171 | Snake:1  | Reached skill level 10 in Shields
 31335 | Snake:1  | Identified the +0 leather armour of Xoev {-Tele Rampage rF+
                  | Str+3}
 31395 | Snake:1  | Killed Aizul
 31643 | Snake:2  | Found Imunes's Weapon Shop.
 31643 | Snake:2  | Found Defyceit's Weapon Shop.
 31660 | Snake:1  | Reached skill level 18 in Fighting
 31664 | Snake:2  | Found Wukut's Jewellery Shop.
 31665 | Snake:2  | Found Jowin's Weapon Shop.
 32654 | Snake:3  | Noticed Saojabem's ghost (adept MiBe)
 32693 | Snake:3  | Found a frozen archway.
 32697 | Snake:3  | Noticed Louise
 32714 | Snake:3  | Killed Louise
 32748 | IceCv    | Entered an ice cave
 33231 | IceCv    | Noticed an Ice Fiend
 33231 | IceCv    | Noticed an Ice Fiend
 33236 | IceCv    | Killed an Ice Fiend
 33257 | IceCv    | Killed an Ice Fiend
 33752 | Snake:3  | Noticed Asterion
 33762 | Snake:3  | Killed Asterion
 34170 | Snake:3  | Noticed Vashnia
 34271 | Snake:3  | Found a runed translucent gate.
 34271 | Snake:3  | Found a runed translucent gate.
 34271 | Snake:3  | Found a runed translucent gate.
 34362 | Snake:3  | Killed Vashnia
 35011 | Snake:4  | Entered Level 4 of the Snake Pit
 35997 | Snake:4  | Reached XP level 18. HP: 170/173 MP: 33/35
 36961 | Snake:4  | Reached skill level 19 in Fighting
 37415 | Snake:4  | Got a serpentine rune of Zot
 37799 | Shoals:1 | Entered Level 1 of the Shoals
 37888 | Shoals:1 | Noticed Donald
 37921 | Lair:2   | Killed Donald
 38934 | Shoals:2 | Noticed Polyphemus
 38967 | Shoals:2 | Killed Polyphemus
 39153 | Shoals:2 | Noticed Ilsuiw
 39227 | Shoals:2 | Killed Ilsuiw
 40578 | Shoals:3 | Found Xiaxkauk's CLEARANCE SALE!.
 40585 | Shoals:3 | Bought a wand of acid (1) for 16 gold pieces
 40585 | Shoals:3 | Bought a potion of might for 16 gold pieces
 40867 | Shoals:4 | Entered Level 4 of the Shoals
 40946 | Shoals:4 | Noticed Bai Suzhen
 41140 | Shoals:4 | Paralysed by an air elemental for 1 turns
 41245 | Shoals:4 | Paralysed by an air elemental for 1 turns
 41272 | Shoals:4 | Reached skill level 20 in Fighting
 41596 | Shoals:4 | Paralysed by an air elemental for 1 turns
 41794 | Shoals:4 | Reached XP level 19. HP: 185/185 MP: 36/36
 41979 | Shoals:4 | Paralysed by an air elemental for 1 turns
 41982 | Shoals:4 | Paralysed by an air elemental for 1 turns
 42148 | Shoals:4 | Killed Bai Suzhen
 42477 | Shoals:4 | Paralysed by an air elemental for 1 turns
 42485 | Shoals:4 | Paralysed by an air elemental for 1 turns
 42615 | Shoals:4 | Identified the amulet "Resooqee" {Reflect Dex+3 SH+5
                  | Stlth+}
 42725 | Shoals:4 | Got a barnacled rune of Zot
 44360 | D:13     | Noticed Nessos
 44372 | D:13     | Killed Nessos
 45020 | D:13     | Noticed Rupert
 45041 | D:13     | Killed Rupert
 45834 | D:14     | Identified the +2 ring mail of the Wasteland {rC+ SInv}
 45927 | D:14     | Found a gate to the Vaults.
 46100 | D:14     | Reached skill level 21 in Fighting
 46355 | D:15     | Entered Level 15 of the Dungeon
 47136 | D:15     | Found a staircase to the Depths.
 47249 | Vaults:1 | Entered Level 1 of the Vaults
 47755 | Vaults:1 | Found a crumbling gateway.
 47771 | Desolati | Entered the Desolation of Salt
 48004 | Desolati | Found the +3 giant club "Skullcrusher" {speed, Str+7}
 48014 | Desolati | Got the Quarto of the Dimensional Quarry
 48015 | Desolati | Identified the ring of the Establishment {Drain rF+ Will+
                  | rCorr}
 48034 | Desolati | Identified the +0 robe of Caiqak {Int+3}
 48036 | Desolati | Got Sif Muna's Papyrus of Toxins and Evolution
 48165 | Desolati | Reached XP level 20. HP: 199/199 MP: 37/37
 48172 | Desolati | Got Lupnar's Enchiridion on Well-Done Congelation
 48175 | Desolati | Identified the +8 trident of Otischapej {vorpal, *Noise rN+
                  | rCorr}
 48490 | Desolati | HP: 2/193 [halazid warlock/bolt of negative energy (18)]
 48492 | Desolati | Reached skill level 22 in Fighting
 48492 | Desolati | Reached skill level 15 in Armour
 48492 | Desolati | Reached XP level 21. HP: 25/200 MP: 1/38
 48740 | Desolati | Found the +18 shield of the Gong {rElec rN+ Will+ EV-5}
 48741 | Desolati | Identified the +9 plate armour of the Guilds {rF+ Will+
                  | Regen+ Stlth+}
 48745 | Desolati | Got the Teachings on the Quarry and the Compass
 48762 | Desolati | Identified the ring of Radoudyz {*Corrode rPois rN+ Will+
                  | Int+6}
 50215 | Lair:1   | Reached skill level 23 in Fighting
 50215 | Lair:1   | Reached XP level 22. HP: 220/220 MP: 39/39
 50424 | Elf:1    | You paid a toll of 7 scrolls of butterflies to enter a
                  | treasure trove
 50425 | Trove    | Entered a treasure trove
 50430 | Trove    | Found the +3 pair of gauntlets of War {Slay+5}
 50433 | Trove    | Identified the +1 pair of boots of the Equator {rCorr}
 50435 | Trove    | Identified the +1 pair of boots "Fuipourgh" {Contam Str+5}
 50438 | Trove    | Identified the +0 pair of gloves of the Slug {rCorr Dex+4}
 50441 | Trove    | Identified the +2 hat of Tiocsiesi {Contam rPois Slay+6}
 50443 | Trove    | Identified the +1 scale mail "Hanom" {Contam Int+4 Dex+4
                  | Slay+2}
 50445 | Trove    | Identified the +2 cloak of the Pink Corner {Drain rPois
                  | Str+5}
 50460 | Trove    | Identified the +1 robe of the Monkey {rC+ rCorr Int+3}
 50463 | Trove    | Identified the +2 ring mail of Vun Goism {rC+ Stlth+}
 50464 | Trove    | Identified the +4 robe of Kikubaaqudgha {+Blink rPois Str+2
                  | Archmagi}
 53215 | Vaults:3 | Found a staircase to the Crypt.
 53601 | Vaults:3 | Reached XP level 23. HP: 228/228 MP: 32/40
 53778 | Vaults:3 | Found a runed translucent gate.
 53778 | Vaults:3 | Found a runed translucent gate.
 53778 | Vaults:3 | Found a runed translucent gate.
 53778 | Vaults:3 | Found Hodakk's Assorted Antiques.
 53781 | Vaults:3 | Noticed Emey's ghost (adept SpVM)
 53950 | Vaults:3 | Reached skill level 15 in Shields
 54116 | Vaults:4 | Reached skill level 24 in Fighting
 54218 | Vaults:4 | Paralysed by a great orb of eyes for 3 turns
 54425 | Vaults:4 | Found a transporter.
 54440 | Vaults:4 | Found a transporter.
 55459 | Vaults:3 | Killed Emey's ghost
 55772 | Vaults:4 | Identified the ring of Waun Qov {+Blink rC+ rN+ Str-2}
 55958 | Depths:1 | Entered Level 1 of the Depths
 55983 | Depths:1 | Reached skill level 25 in Fighting
 56017 | Depths:1 | Noticed a dread lich
 56215 | Depths:1 | Found a one-way gate to the infinite horrors of the Abyss.
 56356 | Depths:1 | Found a gateway to Hell.
 56423 | Hell     | Entered the Vestibule of Hell
 56492 | Hell     | Noticed Geryon
 56550 | Hell     | Noticed Murray
 56871 | Depths:1 | Noticed a dread lich
 57522 | Depths:1 | Paralysed by a dread lich for 3 turns
 57526 | Depths:1 | Killed a dread lich
 57542 | Depths:1 | Killed a dread lich
 57632 | Depths:1 | Found a one-way gateway to a ziggurat.
 57742 | Depths:1 | Voluntarily entered the Abyss.
 58110 | Abyss:1  | Reached skill level 10 in Spellcasting
 58198 | Depths:1 | Escaped the Abyss
 58507 | Depths:2 | Reached XP level 24. HP: 245/245 MP: 39/43
 58612 | Depths:2 | Noticed a juggernaut
 58654 | Depths:2 | Killed a juggernaut
 58884 | Depths:2 | Found a one-way gate leading to the halls of Pandemonium.
 59069 | Depths:2 | Noticed an ancient lich
 59080 | Depths:2 | Reached skill level 26 in Fighting
 59089 | Depths:2 | Killed an ancient lich
 59188 | Depths:2 | Identified the +3 ring mail of the Skies Above {rElec
                  | Dex+3}
 59292 | Depths:2 | Identified the +6 chain mail "Taklo" {Slay+3 Stlth+}
 59292 | Depths:2 | Identified the ring "Luzih" {Will+ Str+2 Dex+3 Stlth-}
 59604 | Depths:2 | Identified the +4 war axe of Lorostr Gaeph {drain, Str+6}
 60069 | Depths:2 | Killed Murray
 60416 | Depths:3 | Found Rorufyoch's General Store.
 60489 | Depths:3 | Identified the +0 leather armour "Fuyg" {rC- Will+ Str+3}
 60641 | Depths:3 | Reached skill level 1 in Dodging
 61094 | Hell     | Found a gateway to the freezing wastes of Cocytus.
 61279 | Hell     | Found a gateway to the Iron City of Dis.
 61727 | Depths:3 | Reached skill level 5 in Dodging
 61989 | Depths:3 | Voluntarily entered the Abyss.
 62374 | Abyss:1  | Paralysed by accursed screaming for 1 turns
 62398 | Depths:3 | Escaped the Abyss
 62455 | Depths:3 | Voluntarily entered the Abyss.
 62483 | Abyss:1  | Reached skill level 27 in Fighting
 62666 | Abyss:1  | Gained mutation: You are clumsy. (Dex -2) [a neqoxec]
 62691 | Abyss:1  | Reached XP level 25. HP: 109/257 MP: 31/44
 62955 | Abyss:2  | Paralysed by accursed screaming for 1 turns
 63003 | Abyss:2  | Paralysed by accursed screaming for 2 turns
 63006 | Depths:3 | Escaped the Abyss
 63300 | Hell     | Killed Geryon
 63353 | Coc:1    | Entered Level 1 of Cocytus
 63823 | Depths:3 | Voluntarily entered the Abyss.
 65108 | Abyss:2  | Noticed a dread lich
 65115 | Abyss:2  | Killed a dread lich
 65128 | Abyss:2  | Reached skill level 10 in Dodging
 65186 | Depths:3 | Escaped the Abyss
 65382 | Depths:4 | Entered Level 4 of the Depths
 65513 | Depths:4 | Identified the ring "Vojoqaj" {rElec Will+ rCorr Stlth+}
 65743 | Coc:2    | Paralysed by a wendigo for 1 turns
 65904 | Hell     | Found a gateway to the ashen valley of Gehenna.
 66352 | Depths:3 | Voluntarily entered the Abyss.
 66415 | Abyss:2  | Gained mutation: You occasionally lose the ability to drink
                  | potions when taking damage. [a neqoxec]
 67017 | Depths:3 | Escaped the Abyss
 67200 | Coc:2    | HP: 3/195 [caustic shrike simulacrum (8)]
 67200 | Coc:2    | Annihilated by a caustic shrike simulacrum

Illustrated notes

Levels and vault maps discovered:
D:1:      tarquinn_simple_flora_water_b, layout_basic, basic_ecumenical_altar
D:2:      cheibrodos_helix_gallery, layout_basic, serial_shops, shop,
          basic_altar, uniq_robin
D:3:      layout_rooms, gup_sewer_entry_glass, serial_shops,
          nicolae_shop_behind_doors, shop, shop, shop, chequers_big_river,
          uniq_jessica
D:4:      layout_gridville, minmay_temple_entry_slanted
D:5:      layout_loops_ring, grunt_qazlal_clouds, gammafunk_ghost_split,
          minmay_a_box_with_orc_wizards_in_it
D:6:      kennysheep_kobold_camp, layout_loops_corners,
          makhleb_blood_cavern_becter
D:7:      minmay_the_grid_octo_tiled_squarecenter [minmay_the_grid_octo_teeth,
          minmay_the_grid_octo_vomiting_pacman, minmay_the_grid_octo_chip,
          minmay_the_grid_octo_toaster,
          minmay_the_grid_square_5x5_megaprize_diamond,
          minmay_the_grid_square_5x5_three_walls,
          minmay_the_grid_square_5x5_dogpile,
          minmay_the_grid_square_5x5_doubleslash,
          minmay_the_grid_square_5x5_fancy_junction], layout_basic,
          palyth_temple_overflow_mages, nemelex_dance_club_becter,
          grunt_temple_overflow_open, uniq_maggie
D:8:      layout_loops_cross, serial_shops, nicolae_shop_statue_plus,
          uniq_joseph, uniq_pikel, uniq_maurice
D:9:      layout_gridville, kennysheep_little_box, erik_lair_island,
          bh_walls_and_bars
D:10:     layout_basic, mainiacjoe_overflow_alcove_1, kennysheep_mini,
          small_statue_intersection
D:11:     layout_gridville, serial_glass, glass_columns_a, glass_columns_a,
          glass_columns_a, glass_columns_a, glass_columns_b, fountainhead,
          uniq_sonja
D:12:     layout_rooms, erik_orc_2, solitary_fountain
D:13:     cheibrodos_tormentor_scu, layout_loops_corners, uniq_nessos,
          uniq_rupert
D:14:     cheibrodos_magma_flow, layout_irregular_city,
          grunt_vaults_entry_fortified, chequers_garden,
          nicolae_tso_carved_into_rock
D:15:     grunt_enter_depths_snipers, layout_gridville, kennysheep_pointless_box
Lair:1:   layout_roguey, serial_bayou_shore_a, serial_bayou_shore_b
Lair:2:   nzn_winding_woodlands_large [nzn_winding_woodlands_5x5_perimeter,
          nzn_winding_woodlands_5x15_zeroes, nzn_winding_woodlands_5x5_cross,
          nzn_winding_woodlands_center_triple_pond,
          nzn_winding_woodlands_15x15_boxy_spiral,
          nzn_winding_woodlands_center_pierced_h,
          nzn_winding_woodlands_5x5_closed_star,
          nzn_winding_woodlands_5x15_default, nzn_winding_woodlands_5x5_three],
          layout_small_grid, elwin_shoals_entry_rooms, amcnicky_mini_pool_medium
Lair:3:   layout_long_grid, lemuel_altar_in_water2
Lair:4:   layout_misc_corridors, grunt_megastairs_2
Lair:5:   hangedman_lair_tendril_chambers, layout_loops_ring,
          guppyfry_lair_end_dragon, dpeg_slime_entry_enclosed,
          serial_bayou_lake_a, lemuel_fruit_tree
Shoals:1: layout_shoals, overgrown_hall, uniq_donald
Shoals:2: layout_shoals, uniq_polyphemus, uniq_ilsuiw
Shoals:3: layout_shoals, nicolae_shop_clearance
Shoals:4: shoals_end_hellmonk_storm_palace [storm_palace_center_ruins,
          storm_palace_corner_blocked, storm_palace_corner_grid,
          storm_palace_corner_narrow, storm_palace_corner_pillars],
          serial_shops, uniq_bai_suzhen
Snake:1:  layout_grid_shapes, nicolae_wooded_promenade,
          nicolae_snake_snake_lake, minmay_shop_mayhem, uniq_mlioglotl,
          uniq_aizul
Snake:2:  layout_grid_shapes, special_room, basic_altar,
          minmay_shop_grid_forest, serial_bayou_shore_b, grunt_megastairs_3
Snake:3:  nicolae_sea_snake_s, layout_chambers, portal_ice_cave_entry_pillars_2,
          ebering_ghost_rock_garden, uniq_asterion, uniq_louise, uniq_vashnia
Snake:4:  minmay_snake_end_coiled, layout_cave_town, nicolae_snake_gridmaze_tees
Orc:1:    lemuel_ogre_cave, layout_caves, basic_altar, enter_volcano_3,
          nicolae_orc_flooded_monolith, uniq_erolcha, uniq_urug, uniq_josephine
Orc:2:    st_orc_ogre_mass, layout_diamond_mine, david_defended_altar_orc
Elf:1:    layout_onion_city, nicolae_trove_entry_path_of_doom,
          minmay_elf_annihilation, minmay_shoptagon
Elf:2:    nicolae_elf_blades_crystal_corner, layout_onion_city, st_stairs_7
Elf:3:    minmay_elf_hall_four_x, layout_rooms, hellmonk_ghost_happy_afterlife,
          uniq_nikola
Vaults:1: portal_desolation_entry_nicolae_slug, grunt_vaults_swirl,
          vaults_mumra_minichess, vaults_room_grunt_arrival_ludios,
          ontoclasm_vaults_decontamination, st_eye, vaults_mumra_lcd,
          vaults_room_grunt_arrival_checkpoint, layout_vaults_omnigrid
Vaults:2: vaults_dpeg_ring, vaults_room_fancy_cross, vaults_dpeg_emergency_exit,
          vaults_mumra_minichess_inversion, ontoclasm_vaults_chip,
          hangedman_vaults_stitches, ontoclasm_vaults_claustrophobia,
          hangedman_vaults_slice, nicolae_vaults_arrows, vaults_dpeg_cross,
          nicolae_vaults_network_periphery, ontoclasm_vaults_ring_small,
          nicolae_vaults_shelves_hall, ontoclasm_vaults_shuriken,
          layout_vaults_omnibox
Vaults:3: ebering_ghost_gozag, grunt_vaults_hallway_long,
          nicolae_vaults_little_squares_4, minmay_crypt_entry_necro_gods,
          ontoclasm_vaults_pinch, vaults_room_pool, v_alt_pattern_1,
          ontoclasm_vaults_chip, nicolae_vaults_disjoint_gnomons,
          hangedman_vaults_trim, ontoclasm_vaults_fault,
          ontoclasm_vaults_loading_screen, layout_vaults_maze_bifur
Vaults:4: hangedman_vaults_corner, vaults_dpeg_spiral,
          ontoclasm_vaults_ring_small, v_rooms_6, v_misc_1,
          nicolae_vaults_ninety_degrees, nicolae_vaults_yaktaur_gun_rack,
          v_misc_30, gammafunk_sealed_arena, nicolae_vaults_little_ls,
          layout_vaults_ring
Depths:1: layout_gridville, enter_ziggurat_c, nicolae_eternal_life, abyss_entry,
          hell_entry, minmay_misc_feat_cross, kennysheep_small_spiral,
          hangedman_blasphemy
Depths:2: hangedman_pleasuredromes, pan_entry, hell_entry, serial_shops
Depths:3: dreamdust_cat_pyramid, layout_honeycomb, abyss_entry, serial_shops,
          nicolae_shop_waterfront, grunt_mini_vestibule,
          kennysheep_random_hallway
Depths:4: grunt_zot_entry_tricorne, layout_gridlike, hangedman_coc_ice_floe
Hell
Coc:1:    layout_ice_bergs, nicolae_coc_icebean_singular
          [nicolae_sub_coc_subbean]
Coc:2:    layout_ice_bergs

Skill      XL: |  1  2  3  4  5  6  7  8  9 10 11 12 13 14 15 16 17 18 19 20 21 22 23 24 25 |
---------------+----------------------------------------------------------------------------+-----
Axes           | 2 3 4 5 6 7 8 10 12 13 14 16 17 18 20 21 | 21.7
Evocations     | 2 4 6 7 9 10 | 10.0
Fighting       | 3 5 7 9 10 16 17 18 20 21 22 23 25 27 | 27.0
Armour         | 3 5 6 8 10 11 14 15 16 17 18 | 18.7
Spellcasting   | 1 4 7 8 10 12 | 12.0
Shields        | 9 12 13 14 15 | 15.0
Dodging        | 7 11 | 11.0

Action                   |  1- 3 |  4- 6 |  7- 9 | 10-12 | 13-15 | 16-18 | 19-21 | 22-24 | 25-27 || total
-------------------------+-------+-------+-------+-------+-------+-------+-------+-------+-------++-------
Melee: War axe           |    82 |   150 |   225 |   570 |   282 |       |       |       |       ||  1309
       Hand axe          |       |       |    82 |    25 |    13 |    59 |     5 |       |       ||   184
       Short sword       |       |       |     2 |       |       |       |       |       |       ||     2
       Demon whip        |       |       |    11 |   209 |    13 |    50 |    28 |       |       ||   311
       Executioner's axe |       |       |       |     4 |       |       |       |       |       ||     4
       Broad axe         |       |       |       |       |   913 |  1705 |  1006 |  1582 |   588 ||  5794
 Fire: Sling             |    22 |    13 |     2 |       |       |       |       |       |       ||    37
Throw: Javelin           |       |     5 |     3 |    20 |    12 |    20 |     1 |     4 |     2 ||    67
       Dart              |       |       |     6 |     9 |    13 |    44 |     3 |     6 |       ||    81
       Boomerang         |       |       |     6 |     3 |       |       |       |       |       ||     9
       Throwing net      |       |       |       |     1 |     1 |       |       |       |       ||     2
 Cast: Wereblood         |       |       |       |       |     2 |     5 |       |     1 |       ||     8
       Apportation       |       |       |       |       |       |       |     2 |       |       ||     2
Evoke: Wand              |       |       |     7 |     4 |     4 |    15 |     2 |     1 |       ||    33
       Piece from Xom's  |       |       |       |     1 |     1 |     3 |       |       |       ||     5
       Phial of floods   |       |       |       |     1 |     1 |     3 |       |       |       ||     5
       Box of beasts     |       |       |       |       |     2 |     4 |       |       |       ||     6
       Lightning rod     |       |       |       |       |       |    18 |     3 |     7 |       ||    28
       Condenser vane    |       |       |       |       |       |     3 |       |     4 |       ||     7
       Tin of tremorston |       |       |       |       |       |       |     1 |     2 |     2 ||     5
       Phantom mirror    |       |       |       |       |       |       |     1 |     2 |       ||     3
       Horn of Geryon    |       |       |       |       |       |       |       |       |     1 ||     1
  Use: Potion            |     1 |     3 |     2 |       |       |     2 |     4 |     3 |       ||    15
       Scroll            |       |       |     1 |    15 |    14 |     5 |     4 |     9 |     1 ||    49
 Stab: Held in net/web   |       |       |       |       |     2 |       |       |       |       ||     2
       Distracted        |       |       |       |       |     1 |       |     1 |       |       ||     2
       Confused          |       |       |       |       |     1 |       |       |       |       ||     1
       Paralysed         |       |       |       |       |       |       |     3 |       |       ||     3
Armor: Chain mail        |    67 |    88 |    15 |   175 |   617 |  1053 |   569 |   275 |   344 ||  3203
       Scale mail        |     5 |       |   113 |       |       |       |       |       |       ||   118
       Plate armour      |       |       |    31 |   203 |       |       |       |   520 |       ||   754
Dodge: Dodged            |    33 |    70 |    93 |   202 |   284 |   390 |   231 |   324 |   150 ||  1777
Block: Buckler           |    31 |    33 |    51 |   121 |   158 |   306 |       |       |       ||   700
       Kite shield       |       |       |       |       |       |   431 |   626 |   968 |   363 ||  2388
       Reflection        |       |       |       |       |       |       |    14 |    21 |     6 ||    41

Table legend: (Time is in decaauts)
 A = Elapsed time spent in this place.
 B = Non-inter-level travel time spent in this place.
 C = Inter-level travel time spent in this place.
 D = Time resting spent in this place.
 E = Time spent auto-exploring this place.
 F = Levels seen in this place.
 G = Mean time per level.
                   A        B        C        D        E       F      G
               +--------+--------+--------+--------+--------+-----+--------+
         Total |  65926 |  59686 |   6240 |   7414 |  31275 |  55 | 1198.7 |
       Dungeon |  18087 |  15781 |   2306 |   1969 |   9365 |  15 | 1205.8 |
          Lair |   6892 |   5577 |   1315 |    335 |   3459 |   5 | 1378.4 |
        Shoals |   5244 |   4960 |    284 |    430 |   2767 |   4 | 1311.0 |
     Snake Pit |   6565 |   6328 |    237 |    562 |   3357 |   4 | 1641.2 |
  Orcish Mines |   2429 |   2218 |    211 |    313 |    946 |   2 | 1214.5 |
   Elven Halls |   6643 |   6044 |    599 |    978 |   2847 |   3 | 2214.3 |
        Vaults |   5977 |   5446 |    531 |    285 |   3356 |   4 | 1494.2 |
        Depths |   6038 |   5458 |    580 |   1054 |   2681 |   4 | 1509.5 |
          Hell |   1428 |   1262 |    166 |    499 |    212 |   1 | 1428.0 |
       Cocytus |    150 |    143 |      7 |      0 |      0 |   2 |   75.0 |
         Abyss |   3308 |   3308 |      0 |    253 |   1462 |   6 |  551.3 |
         Trove |     48 |     48 |      0 |      0 |      0 |   1 |   48.0 |
         Sewer |    295 |    295 |      0 |    198 |     25 |   1 |  295.0 |
      Ice Cave |    758 |    758 |      0 |    117 |    142 |   1 |  758.0 |
       Volcano |    718 |    718 |      0 |    119 |    209 |   1 |  718.0 |
    Desolation |   1339 |   1339 |      0 |    297 |    445 |   1 | 1339.0 |
               +--------+--------+--------+--------+--------+-----+--------+

Top non-repeatable levels by time:
   Elf:3: 2732 daAuts
 Snake:4: 2469 daAuts
Depths:3: 2212 daAuts
 Abyss:2: 2110 daAuts
Shoals:4: 2091 daAuts
   Elf:2: 2052 daAuts
    D:13: 1956 daAuts
  Lair:1: 1914 daAuts
   Elf:1: 1858 daAuts
  Lair:2: 1826 daAuts
Depths:2: 1799 daAuts
Depths:1: 1773 daAuts
Vaults:1: 1758 daAuts
 Snake:3: 1528 daAuts
  Lair:5: 1509 daAuts
